 Dungeon Sprint DCSS version 0.30-a0-953-g5f1da4a474 (webtiles) character file.

Game seed: 9774509253189426917

242 dialectric the Unseen (level 5, -3/29 HPs)
             Began as a Spriggan Brigand on Mar 28, 2023.
             Slain by a water moccasin (8 damage)
             ... in the Dungeon (Sprint II: "The Violet Keep of Menkaure").
             The game lasted 00:00:32 (61 turns).

dialectric the Unseen (Spriggan Brigand)              Turns: 61, Time: 00:00:33

Health: -3/29      AC:  3    Str:  7    XL:     5   Next: 81%
Magic:  6/6        EV: 18    Int: 13    God:
Gold:   243        SH:  0    Dex: 18    Spells: 4/4 levels left

rFire   . . .      SeeInvis +    a - +2 dagger
rCold   . . .      Faith    .    (no shield)
rNeg    . . .      Spirit   .    b - +0 robe
rPois   .          Reflect  .    (helmet restricted)
rElec   .          Rampage  .    c - +0 cloak
rCorr   .          NoTele   +    (gloves unavailable)
Will    .....                    (boots unavailable)
Stlth   ++++++                   (no amulet)
HPRegen 0.24/turn                (no ring)
MPRegen 0.10/turn                (no ring)

@: lethally poisoned (-3 -> -8), on berserk cooldown, very quick
A: very small, no large weapons, unfitting armour, see invisible, speed 3
a: no special abilities


You were in the Dungeon.
You visited 1 branch You collected 243 gold pieces.

Inventory:

Hand Weapons
 a - a +2 dagger (weapon)
Missiles
 d - 9 poisoned darts (quivered)
 e - 3 curare-tipped darts
Armour
 b - a +0 robe (worn)
 c - a +0 cloak (worn)
Scrolls
 k - a scroll of blinking
Potions
 h - a potion of haste
 i - 2 potions of magic


   Skills:
 + Level 3.7 Fighting
 + Level 5.5 Short Blades
 - Level 3.0 Throwing
 + Level 3.0 Dodging
 + Level 15.9 Stealth


You had 4 spell levels left.
You didn't know any spells.
Your spell library was empty.

Dungeon Overview and Level Annotations

Branches:
Dungeon (1/1)

Altars:

Annotations:
D Menkaure, Roxanne


Innate Abilities, Weirdness & Mutations

You are very small and have problems with some larger weapons.
You are too small for most types of armour.
You have supernaturally acute eyesight. (SInv)
You cover ground extremely quickly. (Speed+++)


Message History

There is an open door here.
Things that are here:
a necrophage corpse; a necrophage corpse
Found 243 gold pieces.
d - 9 poisoned darts (gained 1)
You now have 243 gold pieces.
You start resting.
You feel yourself speed up.
You open the door.
Marking area around Roxanne as unsafe for travelling.
Menkaure, Prince of Dust comes into view.
There is an open door here.
A water moccasin comes into view.
The water moccasin hisses angrily.
Menkaure shouts!
You hit the water moccasin but do no damage.
The water moccasin bites you!
* * * LOW HITPOINT WARNING * * *
Menkaure casts a spell.
Menkaure seems to speed up.
Unknown command.
There is an open door here.
You feel better. The water moccasin misses you.
Unknown command.
You miss the water moccasin. The water moccasin bites you.
You are lethally poisoned!
The water moccasin poisons you!
You miss the water moccasin.
* * * LOW HITPOINT WARNING * * *
You feel sick. The water moccasin closely misses you.
You hit the water moccasin.
The water moccasin is lightly wounded.
* * * LOW HITPOINT WARNING * * *
You feel sick.
The water moccasin completely misses you.
You hit the water moccasin.
The water moccasin is moderately wounded.
* * * LOW HITPOINT WARNING * * *
You feel sick. The water moccasin bites you!
You die...

~.§~..~##
..~§§~.##
~.8~~~§.#
~~§.~. ~~~~
##~~#+++#+++##
#M~~.........#
#~~~~.##S##..#
#~~~~##@..##
#~~~ #..#..#
#~~ ##.#.## #~
##†## # ##.##
+.<.+ ##.##
#+#


You could see Roxanne and a water moccasin.

Vanquished Creatures
  4 necrophages (D)
4 creatures vanquished.

Notes
Turn   | Place    | Note
-------+----------+-------------------------------------------
     0 | D        | dialectric the Spriggan Brigand began the quest for the
                  | Orb.
     0 | D        | Reached XP level 1. HP: 10/10 MP: 2/2
     1 | D        | Noticed a necrophage
     1 | D        | Noticed a necrophage
     1 | D        | Noticed a necrophage
     1 | D        | Noticed a necrophage
     9 | D        | Killed a necrophage
    10 | D        | Reached skill level 11 in Stealth
    10 | D        | Reached XP level 2. HP: 15/16 MP: 3/3
    10 | D        | Reached XP level 3. HP: 18/19 MP: 4/4
    15 | D        | Killed a necrophage
    16 | D        | Reached skill level 13 in Stealth
    16 | D        | Reached XP level 4. HP: 15/23 MP: 5/5
    23 | D        | Killed a necrophage
    24 | D        | Reached skill level 14 in Stealth
    24 | D        | Reached XP level 5. HP: 3/28 MP: 6/6
    27 | D        | HP: 1/28 [necrophage (1)]
    36 | D        | Reached skill level 5 in Short Blades
    36 | D        | Reached skill level 15 in Stealth
    51 | D        | Identified Roxanne's Spellbook of Moulding
    51 | D        | Noticed Roxanne
    52 | D        | Noticed Menkaure
    53 | D        | Noticed a water moccasin
    61 | D        | Slain by a water moccasin

Illustrated notes

Levels and vault maps discovered:
D:        the_violet_keep_of_menkaure [sprint2_stairs_cluster_1,
          sprint2_shoproom, sprint2_temple, sprint2_basic_supplies,
          sprint2_obstacle_7, sprint2_obstacle_1, sprint2_obstacle_6,
          sprint2_obstacle_2, sprint2_obstacle_4, sprint2_timed_cluster_1,
          sprint2_smallroom_cluster_1, sprint2_smallroom_final_cluster_1,
          sprint2_transparent_cluster_1, sprint2_second_timed_cluster_1,
          sprint2_sniper_area_1, sprint2_heavy_combat_area_1,
          sprint2_mutation_trap_area_1, sprint2_forest_area_1,
          sprint2_light_combat_area_1, sprint2_behind_water_1,
          sprint2_near_end_vault_1]

Skill      XL: |  1  2  3  4  5 |
---------------+----------------+-----
Fighting       | 2 3 |  3.7
Short Blades   | 3 4 5 |  5.5
Throwing       | 3 |  3.0
Stealth        | 11 13 14 15 | 15.9
Dodging        | 2 3 |  3.0

Action                     |  1- 3 |  4- 6 || total
---------------------------+-------+-------++-------
  Melee: Dagger            |    11 |    23 ||    34
         Punch             |       |     1 ||     1
  Throw: Dart              |     1 |       ||     1
    Use: Potion            |     1 |     2 ||     3
  Dodge: Dodged            |     4 |    11 ||    15

Table legend: (Time is in decaauts)
 A = Elapsed time spent in this place.
 B = Non-inter-level travel time spent in this place.
 C = Inter-level travel time spent in this place.
 D = Time resting spent in this place.
 E = Time spent auto-exploring this place.
 F = Levels seen in this place.
 G = Mean time per level.
                   A        B        C        D        E       F      G
               +--------+--------+--------+--------+--------+-----+--------+
         Total |     53 |     53 |      0 |     13 |      0 |   1 |   53.0 |
       Dungeon |     53 |     53 |      0 |     13 |      0 |   1 |   53.0 |
               +--------+--------+--------+--------+--------+-----+--------+

Top non-repeatable levels by time:
       D: 53 daAuts
